 Dungeon Crawl Stone Soup version 0.29.1-12-g30fa7ad0bf (webtiles) character file.

Game seed: 18253256827203597973

4 thatblackman the Grave Robber (level 1, -1/10 HPs)
             Began as a Vampire Necromancer on Jan 12, 2023.
             Was a Follower of Dithmenos.
             Slain by an adder (3 damage)
             ... on level 2 of the Dungeon.
             The game lasted 00:03:29 (265 turns).

thatblackman the Grave Robber (Vampire Necromancer)  Turns: 265, Time: 00:03:30

Health: -1/10      AC:  2    Str:  7    XL:     1   Next: 50%
Magic:  2/3        EV: 12    Int: 17    God:    Dithmenos [*.....]
Gold:   9          SH:  0    Dex: 14    Spells: 3/4 levels left

rFire   . . .      SeeInvis +   c - +0 dagger
rCold   + + .      Faith    .   (no shield)
rNeg    + + +      Spirit   .   a - +0 robe
rPois   ∞          Reflect  .   (no helmet)
rElec   .          Harm     .   (no cloak)
rCorr   .          Rampage  .   (no gloves)
Will    .....                   (no boots)
Stlth   +++++.....              (no amulet)
HPRegen 0.00/turn               (no ring)
MPRegen 0.08/turn               (no ring)

@: bloodless, inhibited regen, wreathed by umbra
A: bloodless, fangs 3, see invisible, vampiric 1
a: Revivify, Renounce Religion


You were on level 2 of the Dungeon.
You worshipped Dithmenos.
Dithmenos was aware of your devotion.
You visited 1 branch of the dungeon, and saw 2 of its levels.

You collected 9 gold pieces.

Inventory:

Hand Weapons
 c - a +0 dagger (weapon)
Armour
 a - a +0 robe (worn)
Scrolls
 d - a scroll of amnesia {unknown}
 e - a scroll of teleportation {unknown}
 g - a scroll of silence {unknown}
Potions
 b - 2 potions of magic
 f - 2 potions of berserk rage {unknown}


   Skills:
 + Level 2.1 Dodging
 + Level 3.0 Stealth
 + Level 2.1 Spellcasting
 + Level 4.5 Necromancy


You had 3 spell levels left.
You knew the following spells:

 Your Spells              Type           Power      Damage    Failure   Level
a - Necrotise             Necr           68%        1d7       3%          1

Your spell library contained the following spells:

 Spells                   Type           Power      Damage    Failure   Level
 Vampiric Draining        Necr           17%        2d7       9%          3
 Mephitic Cloud           Conj/Pois/Air  1%         N/A       50%         3
 Animate Dead             Necr           17%        N/A       28%         4
 Agony                    Necr           17%        N/A       63%         5
 Disjunction              Tloc           0%         N/A       100%        8
 Fire Storm               Conj/Fire      0%         6d1       100%        9


Dungeon Overview and Level Annotations

Branches:
Dungeon (2/15)

Altars:
Dithmenos


Innate Abilities, Weirdness & Mutations

You do not regenerate when monsters are visible.
You are frail without blood (-20% HP).
You can heal yourself when you bite living creatures.
You are immune to poison.
You have razor-sharp teeth.
You have supernaturally acute eyesight. (SInv)
You are afflicted with vampirism.


Message History

You barely miss the adder. The adder barely misses you.
You closely miss the adder. The adder completely misses you.
The adder bites you.
You completely miss the adder. Your bite misses the adder.
The adder closely misses you.
You barely miss the adder. The adder bites you.
You hit the adder but do no damage. The adder misses you.
The adder closely misses you.
You hit the adder. Your bite misses the adder.
The adder is lightly wounded.
The adder misses you.
You hit the adder.
The adder is moderately wounded.
The adder bites you.
You hit the adder.
The adder is heavily wounded.
The adder barely misses you. x2
You hit the adder but do no damage.
The adder is heavily wounded.
The adder barely misses you.
You hit the adder but do no damage.
The adder is heavily wounded.
The adder bites you.
You hit the adder.
The adder is severely wounded.
The adder bites you.
* * * LOW HITPOINT WARNING * * *
You closely miss the adder.
The adder is severely wounded.
The adder closely misses you. x2
The adder bites you but does no damage.
You see here a giant cockroach corpse.
The adder misses you.
You are too injured to fight recklessly!
The adder attacks as you move away! The adder barely misses you.
The adder barely misses you.
Found a ring mail.
The adder closely misses you. The adder bites you.
You die...

.# . # ##. #...
#. #.. ....
####.##.## #..#
......[..###..##
#........... #@#
#.# #S#####.###
#.......†<#
#######.#.#
#.#... #.......
#######.# #


You could see an adder.

Vanquished Creatures
  A bat (D:1)
  A giant cockroach (D:2)
  A hobgoblin (D:1)
3 creatures vanquished.

Vanquished Creatures (others)
  3 fungi (D:1)
3 creatures vanquished.

Grand Total: 6 creatures vanquished

Notes
Turn   | Place    | Note
-------+----------+-------------------------------------------
     0 | D:1      | thatblackman the Vampire Necromancer began the quest for
                  | the Orb.
     0 | D:1      | Reached XP level 1. HP: 13/13 MP: 3/3
     8 | D:1      | Got the Enchiridion on the Forceful Tesseract
   140 | D:1      | Found a faded altar of an unknown god.
   160 | D:1      | Prayed at the altar of an unknown god.
   160 | D:1      | Became a worshipper of Dithmenos the Shadowed
   160 | D:1      | Reached * piety under Dithmenos
   265 | D:2      | Slain by an adder

Illustrated notes

Levels and vault maps discovered:
D:1:      minmay_arrival_five_plusses, layout_loops_cross,
          shapermc_ecumenical_altar_hornbeckon, minmay_misc_feat_hallway,
          minmay_misc_feat_nine_boxes
D:2:      layout_loops_ring, minmay_quantized

Action                   || total
-------------------------++-------
Melee: Dagger            ||    26
       Bite              ||     3
       Unarmed           ||     1
 Cast: Necrotise         ||     7
 Abil: Exsanguinate      ||     1
Armor: Robe              ||     6
Dodge: Dodged            ||    21
